 Dungeon Crawl Stone Soup version 0.19-a0-1831-gd4c818f (webtiles) character file.

58207 Naow the Executioner (level 14, -1/116 HPs)
             Began as a Minotaur Berserker on Oct 8, 2016.
             Was a High Priest of Trog.
             Slain by a catoblepas (22 damage)
             ... on level 6 of the Lair of Beasts.
             The game lasted 00:40:46 (19118 turns).

Naow the Executioner (Minotaur Berserker)          Turns: 19118, Time: 00:40:47

Health: -1/116     AC: 17    Str: 24    XL:     14   Next: 48%
Magic:  0/13       EV: 16    Int:  8    God:    Trog [*****.]
Gold:   773        SH:  0    Dex: 11    Spells: 0 memorised, 13 levels left

rFire  + . .     SeeInvis .     U - +6 battleaxe (flame)
rCold  + . .     Gourm    .     f - +4 ring mail {rPois}
rNeg   . . .     Faith    .     (shield currently unavailable)
rPois  +         Spirit   +     (helmet restricted)
rElec  .         Dismiss  .     H - +0 cloak
rCorr  +         Reflect  .     C - +1 pair of gloves of Dogmatism {*Contam rF+ rC+ Str+2}
MR     +....     Harm     .     W - +0 pair of boots
Stlth  +.........               O - amulet of guardian spirit
                                y - ring of resist corrosion
                                d - +4 ring of evasion

@: exhausted
A: retaliatory headbutt, horns 2
a: Berserk, Trog's Hand, Brothers in Arms, Burn Spellbooks, Renounce Religion


You were on level 6 of the Lair of Beasts.
You worshipped Trog.
Trog was extremely pleased with you.
You were not hungry.

You visited 2 branches of the dungeon, and saw 17 of its levels.
You also visited: Ossuary and Ice Cave.

You collected 1081 gold pieces.
You spent 308 gold pieces at shops.

Inventory:

Hand Weapons
 T - a +7 antimagic executioner's axe
 U - a +6 battleaxe of flaming (weapon)
Armour
 f - a +4 ring mail of poison resistance (worn)
 C - the +1 pair of gloves of Dogmatism (worn) {*Contam rF+ rC+ Str+2}
   (You acquired it on level 5 of the Lair of Beasts)

   It affects your strength (+2).
   It protects you from fire.
   It protects you from cold.
   It causes magical contamination when unequipped.
 H - a +0 cloak (worn)
 N - a +0 plate armour
 W - a +0 pair of boots (worn)
Jewellery
 a - an uncursed ring of flight
 d - a +4 ring of evasion (left hand)
 v - an uncursed ring of protection from magic
 y - a ring of resist corrosion (right hand)
 A - an uncursed ring of protection from cold
 L - a +3 ring of intelligence {unknown}
 M - an uncursed ring of protection from cold
 O - an amulet of guardian spirit (around neck)
Wands
 b - a wand of teleportation (5/9)
 n - a wand of flame (30/48)
 K - a wand of confusion (23/48)
 P - a wand of confusion (14/48)
 V - a wand of heal wounds (3/9)
Scrolls
 i - 6 scrolls of enchant armour
 j - 4 scrolls of identify
 k - 2 scrolls of recharging
 m - 3 scrolls of blinking
 p - 12 scrolls of remove curse
 q - 9 scrolls of teleportation
 r - a scroll of fog
 x - a scroll of silence
 z - a scroll of brand weapon
 E - 4 scrolls of fear
 I - a scroll of immolation {unknown}
 J - a scroll of magic mapping
Potions
 e - 3 potions of brilliance
 g - 14 potions of curing
 l - 2 potions of haste
 o - 2 potions of magic
 s - 3 potions of might
 B - 2 potions of cancellation
 D - a potion of berserk rage
 F - 2 potions of flight
 G - 5 potions of heal wounds
 R - 2 potions of ambrosia
 X - a potion of agility {unknown}
Books
 Q - a book of Ice

   Spells                             Type                      Level
   a - Ice Form                       Ice/Transmutation            4
   b - Metabolic Englaciation         Hexes/Ice                    5
   c - Ozocubu's Refrigeration        Ice                          6
   d - Bolt of Cold                   Conjuration/Ice              6
   e - Freezing Cloud                 Conjuration/Ice/Air          6
   f - Simulacrum                     Ice/Necromancy               6
   Trog disapproves of the use of such an item.
Comestibles
 c - 10 bread rations
 h - 34 fruits
 t - 8 slices of pizza
 u - 5 beef jerkies
 w - 7 meat rations
 S - 4 chunks of flesh


   Skills:
 - Level 8.6 Fighting
 + Level 24.0 Axes
 - Level 12.1 Armour
 - Level 2.2 Dodging


You had 13 spell levels left.
You didn't know any spells.

Dungeon Overview and Level Annotations

Branches:
Dungeon (11/15)            Temple (0/1) D:7            Lair (6/6) D:11
  Swamp (0/4) Lair:2       Spider (0/4) Lair:2        Slime (0/5) Lair:5
    Orc: D:9-12

Altars:
Kikubaaqudgha
Makhleb
Nemelex Xobeh
Qazlal
Ru
Xom
Yredelemnul

Shops:
D:8 [   D:9 *

Annotations:
D:4 2 runed doors


Innate Abilities, Weirdness & Mutations

You reflexively headbutt those who attack you in melee.
You have a pair of horns on your head.


Message History

The catoblepas gores you.
* * * LOW HITPOINT WARNING * * *
Evoke which item? (* to show all) (? for menu, Esc to quit)
Zapping:
V - a wand of heal wounds (4/9)
Press: ? - help, Shift-Dir - straight line, f - you You feel much better.
This wand has 3 charges left.
The catoblepas misses you. You furiously retaliate!
You headbutt the catoblepas. You slash the catoblepas! You burn the catoblepas.
The catoblepas is heavily wounded.
The catoblepas barely misses you. x2
You hit the catoblepas. You burn the catoblepas.
The catoblepas is heavily wounded.
The catoblepas gores you!!
* * * LOW HITPOINT WARNING * * *
You slash the catoblepas! You burn the catoblepas.
The catoblepas is severely wounded.
You feel yourself speed up.
Your skin stops crawling.
You feel less resistant to hostile enchantments.
The catoblepas gores you!!
You die...

#†## #†.## #...# .##
#...## ...# #....#
##.P.# ##...### #....#
#....P##### ##...÷.
##P.......########.....P
##...÷@Y†....##..P.....
###............÷......
##.....P.####.......
##....### ##......
###### ###.... ##...
##÷. .#.. ......


You could see a catoblepas.

Vanquished Creatures
  Harold (D:11)
  Fannar (Lair:3)
  4 hydras
  11 death yaks
  Erica (D:10)
  A deep troll shaman (Lair:6)
  Nergalle (Lair:4)
  A hill giant (D:10)
  A necromancer (IceCv)
  A manticore (D:11)
  11 elephants
  A cyclops (D:10)
  9 black mambas
  4 ice statues (IceCv)
  A centaur skeleton (D:10)
  8 spiny frogs
  9 komodo dragons
  2 rime drakes
  7 ice devils (IceCv)
  A troll (D:11)
  Grinder (D:4)
  2 two-headed ogres (D:10)
  3 tyrant leeches (Lair:2)
  A hornet (D:11)
  15 blink frogs
  20 dream sheep
  8 hippogriffs
  A spriggan (Lair:1)
  A wraith (Ossuary)
  50 yaks
  A basilisk (Lair:1)
  A hungry ghost (D:11)
  Menkaure (D:4)
  A swamp worm (Lair:2)
  15 water moccasins
  9 porcupines
  3 sky beasts
  An eye of draining (D:10)
  A black bear (D:8)
  7 ice beasts
  2 phantoms
  2 orc warriors (D:11)
  11 wolves
  3 centaurs
  11 ogres
  8 crocodiles
  7 big kobolds
  An elf zombie (Ossuary)
  18 bullfrogs
  A wyvern zombie (D:7)
  A gnoll sergeant (D:8)
  5 scorpions
  5 killer bees (D:11)
  A wight (D:4)
  2 centaur zombies
  5 crimson imps
  A draconian simulacrum (IceCv)
  A bullfrog zombie (D:9)
  3 hounds
  A human zombie (Ossuary)
  7 jellies
  An orc priest (D:8)
  5 orc wizards
  Crazy Yiuf (D:5)
  3 iguanas
  A spriggan simulacrum (IceCv)
  7 worker ants
  6 troll simulacra (IceCv)
  A killer bee zombie (D:5)
  A centaur simulacrum (IceCv)
  A hound skeleton (D:9)
  4 mummies
  A howler monkey zombie (D:4)
  10 gnolls
  10 adders
  An ogre simulacrum (IceCv)
  2 river rats (D:11)
  A shadow imp (D:8)
  12 white imps (Lair:3)
  4 oozes
  3 adder zombies
  2 adder skeletons
  5 worms
  2 dart slugs
  A leopard gecko (D:4)
  24 orcs
  21 bats
  9 giant cockroaches
  6 goblins
  5 hobgoblins
  15 jackals
  25 kobolds
  9 quokkas
  A ball python skeleton (D:4)
  7 frilled lizards
  4 goblin zombies (Ossuary)
  2 hobgoblin zombies (Ossuary)
  3 kobold zombies (Ossuary)
  3 leopard gecko skeletons
  A quokka skeleton (D:5)
  13 rats
  A spectral orc (D:2)
  9 fungi
  12 plants
569 creatures vanquished.

Vanquished Creatures (others)
  The ghost of ZlagarX the Destroyer, a journeyman DsFE of Hepliaklqana (Lair:6)
  9 fungi
  10 plants (Lair:6)
20 creatures vanquished.

Grand Total: 589 creatures vanquished

Notes
Turn   | Place    | Note
-------+----------+-------------------------------------------
     0 | D:1      | Naow the Minotaur Berserker began the quest for the Orb.
     0 | D:1      | Reached XP level 1. HP: 19/19 MP: 0/0
    45 | D:1      | Reached skill level 4 in Axes
    62 | D:1      | Reached XP level 2. HP: 19/27 MP: 1/1
   601 | D:1      | Reached ** piety under Trog
   651 | D:1      | Reached XP level 3. HP: 33/33 MP: 2/2
   769 | D:2      | Found a burning altar of Makhleb.
   800 | D:2      | Reached skill level 5 in Axes
   817 | D:2      | Found an ancient bone altar of Kikubaaqudgha.
  1321 | D:2      | Reached XP level 4. HP: 39/40 MP: 3/3
  1382 | D:2      | Found a basalt altar of Yredelemnul.
  1529 | D:3      | Reached skill level 6 in Axes
  2441 | D:4      | Reached *** piety under Trog
  2481 | D:4      | Noticed an ogre
  2485 | D:4      | Killed an ogre
  2485 | D:4      | Reached skill level 7 in Axes
  2485 | D:4      | Reached XP level 5. HP: 23/46 MP: 4/4
  2657 | D:4      | Noticed an ogre
  2668 | D:4      | Killed an ogre
  2668 | D:4      | Reached skill level 8 in Axes
  2668 | D:4      | Reached XP level 6. HP: 5/52 MP: 5/5
  3342 | D:4      | Reached skill level 9 in Axes
  3349 | D:4      | Found a large runed door.
  3350 | D:4      | Found a large runed door.
  3557 | D:4      | Found a large runed door.
  3558 | D:4      | Noticed Grinder
  3558 | D:4      | Noticed Menkaure
  3558 | D:4      | Paralysed by Grinder for 6 turns
  3566 | D:4      | Killed Menkaure
  3566 | D:4      | Reached skill level 10 in Axes
  3566 | D:4      | Reached XP level 7. HP: 29/58 MP: 6/6
  3572 | D:4      | Killed Grinder
  3864 | D:4      | Found a large runed door.
  3914 | D:4      | Reached skill level 11 in Axes
  4436 | D:4      | Reached XP level 8. HP: 61/66 MP: 7/7
  4464 | D:4      | Got a pitted lead ring
  4465 | D:4      | Identified the ring "Leit" {Ice +Inv MP+9} (You found it on level 4 of the Dungeon)
  4682 | D:5      | Entered Level 5 of the Dungeon
  4687 | D:5      | Reached skill level 12 in Axes
  4781 | D:5      | Reached **** piety under Trog
  4817 | D:5      | Found a runed door.
  4871 | D:5      | Noticed Crazy Yiuf
  4877 | D:5      | Killed Crazy Yiuf
  5302 | D:5      | Found a shimmering altar of Xom.
  5537 | D:5      | Reached skill level 13 in Axes
  6193 | D:6      | Reached XP level 9. HP: 61/71 MP: 8/8
  6283 | D:6      | Reached skill level 14 in Axes
  7541 | D:7      | Found a staircase to the Ecumenical Temple.
  8096 | D:8      | Reached skill level 15 in Axes
  8103 | D:8      | Reached ***** piety under Trog
  8259 | D:8      | Found a stormy altar of Qazlal.
  8303 | D:8      | Found a sacrificial altar of Ru.
  8335 | D:8      | Found a sand-covered staircase.
  8345 | Ossuary  | Entered an ossuary
  8462 | Ossuary  | Reached skill level 16 in Axes
  8485 | Ossuary  | Received a gift from Trog
  9129 | D:8      | Reached XP level 10. HP: 73/78 MP: 9/9
  9132 | D:8      | Found Fitaamam's Armour Emporium.
  9404 | D:9      | Received a gift from Trog
  9605 | D:9      | Reached skill level 17 in Axes
  9686 | D:9      | Found a sparkling altar of Nemelex Xobeh.
  9793 | D:9      | Found Kubeze's General Store.
  9912 | D:10     | Entered Level 10 of the Dungeon
  9946 | D:10     | Reached skill level 5 in Fighting
  9962 | D:10     | Noticed Erica
  9968 | D:10     | Killed Erica
 10554 | D:10     | Noticed a hill giant
 10565 | D:10     | Killed a hill giant
 10565 | D:10     | Reached XP level 11. HP: 45/95 MP: 3/10
 10574 | D:10     | Reached skill level 5 in Armour
 11049 | D:10     | Noticed a three-headed hydra
 11055 | D:10     | Killed a seven-headed hydra
 11663 | D:11     | Received a gift from Trog
 11849 | D:11     | Noticed Harold
 11852 | D:11     | Noticed an eight-headed hydra
 11864 | D:11     | Killed a 12-headed hydra
 11864 | D:11     | Reached skill level 10 in Armour
 11866 | D:11     | Killed Harold
 12319 | D:11     | Found a staircase to the Lair.
 12691 | D:9      | Bought a +4 ring mail of poison resistance for 308 gold pieces
 12733 | Lair:1   | Entered Level 1 of the Lair of Beasts
 12810 | Lair:1   | Reached XP level 12. HP: 95/103 MP: 9/11
 13031 | Lair:1   | Found a sparkling altar of Nemelex Xobeh.
 13034 | Lair:1   | Noticed a four-headed hydra
 13041 | Lair:1   | Killed a one-headed hydra
 13041 | Lair:1   | Reached skill level 18 in Axes
 13932 | Lair:2   | Reached skill level 19 in Axes
 14094 | Lair:2   | Found a hole to the Spider Nest.
 14097 | Lair:2   | Noticed a six-headed hydra
 14105 | Lair:2   | Killed a one-headed hydra
 14216 | Lair:2   | Found a staircase to the Swamp.
 15027 | Lair:3   | Received a gift from Trog
 15034 | Lair:3   | Reached skill level 20 in Axes
 15073 | Lair:3   | Found a frozen archway.
 15114 | IceCv    | Entered an ice cave
 15144 | IceCv    | Reached XP level 13. HP: 66/108 MP: 12/12
 15792 | Lair:3   | Noticed Fannar
 15808 | Lair:3   | Killed Fannar
 15990 | Lair:3   | Reached skill level 21 in Axes
 16264 | Lair:4   | Noticed Nergalle
 16287 | Lair:4   | Killed Nergalle
 17196 | Lair:5   | Reached skill level 22 in Axes
 17198 | Lair:5   | Received a gift from Trog
 17605 | Lair:5   | Identified a scroll of acquirement
 17608 | Lair:5   | Got a pair of ichor-stained gloves
 17619 | Lair:5   | Identified the +1 pair of gloves of Dogmatism {*Contam rF+ rC+ Str+2} (You acquired it on level 5 of the Lair of Beasts)
 17871 | Lair:5   | Found a staircase to the Slime Pits.
 18028 | Lair:5   | You fall through a shaft!
 18028 | Lair:6   | Entered Level 6 of the Lair of Beasts
 18056 | Lair:6   | Noticed ZlagarX's ghost (journeyman DsFE)
 18082 | Lair:6   | Killed ZlagarX's ghost
 18082 | Lair:6   | Reached XP level 14. HP: 65/116 MP: 7/13
 18385 | Lair:6   | Reached skill level 23 in Axes
 19109 | Lair:6   | Reached skill level 24 in Axes
 19118 | Lair:6   | Slain by a catoblepas

Vault maps used:
D:1:      evilmike_arrival_run_for_it
D:2:      kiku_gazebo_garden_becter, yredelemnul_forgotten_temple_becter,
          lightli_temple_of_fire
D:4:      first_bread, minmay_hollow_rounded_squares, uniq_grinder,
          uniq_menkaure
D:5:      lemuel_round_altar, st_stairs_1, supply_closet_lemuel,
          hangedman_decor_peaks_small, minmay_fountain_box,
          uniq_crazy_yiuf_cottage
D:6:      grunt_decor_arrowhead, minmay_crystal_room
D:8:      kennysheep_little_box, grunt_qazlal_sundering, serial_shops,
          nicolae_shop_temple_entry_statues_fountains, gup_ossuary_entry_pyramid
D:9:      marbit_many_paths, serial_shops, shop_fountains
D:10:     hangedman_ranch, uniq_erica
D:11:     grunt_lair_entry_orc_guard_hut, uniq_harold
Lair:1:   basic_altar, wad_woods_03
Lair:2:   minmay_swamp_entry_worms, dummy_spider_entry
Lair:3:   portal_ice_cave_entry_imps, grunt_megastairs_1, uniq_fannar
Lair:4:   uniq_nergalle
Lair:5:   nicolae_slime_entry_slimehenge, grunt_megastairs_4,
          infiniplex_staircase_pool_2
Lair:6:   grunt_lair_end_beastmaster, grunt_megastairs_2, lemuel_fruit_tree
Ossuary:  ossuary_kennysheep_city_of_the_dead
IceCv:    ice_cave_tombish

Skill      XL: |  1  2  3  4  5  6  7  8  9 10 11 12 13 14 |
---------------+-------------------------------------------+-----
Axes           | 4 5 7 8 10 11 13 16 17 20 22 24 | 24.0
Fighting       | 8 |  8.6
Armour         | 4 12 | 12.1
Dodging        | |  2.2

Action                   |  1- 3 |  4- 6 |  7- 9 | 10-12 | 13-15 || total
-------------------------+-------+-------+-------+-------+-------++-------
Melee: Hand axe          |    94 |   103 |   419 |    25 |       ||   641
       Headbutt          |    15 |    13 |    75 |    75 |    91 ||   269
       Battleaxe         |       |       |       |   453 |   388 ||   841
Invok: Berserk           |     1 |     3 |     6 |     8 |     3 ||    21
       Trog's Hand       |       |       |       |     5 |     3 ||     8
       Burn Spellbooks   |       |       |       |       |     1 ||     1
Evoke: Wand              |       |       |       |       |     5 ||     5
  Use: Scroll            |       |       |     4 |    17 |     9 ||    30
 Stab: Petrified         |       |       |       |       |     1 ||     1
  Eat: Chunk             |     2 |     7 |    23 |    26 |    12 ||    70
       Royal jelly       |       |     1 |       |     1 |       ||     2
       Beef jerky        |       |       |       |     1 |       ||     1
       Meat ration       |       |       |       |       |     1 ||     1
Armor: Animal skin       |    15 |    11 |       |       |       ||    26
       Ring mail         |       |       |   100 |   188 |   128 ||   416
Dodge: Dodged            |    56 |    48 |   132 |   239 |   165 ||   640
